 Dungeon Crawl Stone Soup version 0.31-a0-1005-gfbdfbacc72 (webtiles) character file.

Game seed: 14745771252560117077

4 Azuregosa the Covered (level 1, 13/15 HPs)
             Began as a Human Wanderer on Nov 11, 2023.
             Quit the game on level 1 of the Dungeon.
             The game lasted 00:00:47 (230 turns).

Azuregosa the Covered (Human Wanderer)               Turns: 230, Time: 00:00:48

Health: 13/15      AC:  7    Str: 13    XL:     1   Next: 66%
Magic:  1/1        EV:  9    Int: 10    God:
Gold:   10         SH:  0    Dex: 13    Spells: 0/0 levels left

rFire   . . .        a - +2 dagger
rCold   . . .        (no shield)
rNeg    . . .        d - +0 scale mail
rPois   .            (no helmet)
rElec   .            (no cloak)
rCorr   .            (no gloves)
SInv    .            (no boots)
Will    .....        (no amulet)
Stlth   +            (no ring)
HPRegen 0.22/turn    (no ring)
MPRegen 0.07/turn

%: no passive effects
@: no status effects
A: no striking features
a: no special abilities


You were on level 1 of the Dungeon.
You visited 1 branch of the dungeon, and saw 1 of its levels.

You collected 10 gold pieces.

Inventory:

Hand Weapons
 a - a +2 dagger (weapon)
 c - a +0 sling
Armour
 d - a +0 scale mail (worn)
Potions
 b - a potion of heal wounds
 e - a potion of lignification


   Skills:
 + Level 1.6 Fighting
 - Level 2.0 Ranged Weapons
 - Level 5.0 Armour
 - Level 2.0 Stealth


You couldn't memorise any spells.
You didn't know any spells.
Your spell library was empty.

Dungeon Overview and Level Annotations

Branches:
Dungeon (1/15)

Altars:


Message History

You see here a +0 club.
A rat comes into view.
The rat barely misses you.
You closely miss the rat. The rat closely misses you.
You hit the rat.
You kill the rat!
You now have 10 gold pieces.
Found a ring mail.
Found a stone staircase leading down.
An endoplasm comes into view.
The endoplasm quivers.
The endoplasm freezes you.
You are frozen.
You hit the endoplasm.
The endoplasm is lightly wounded.
The endoplasm freezes you.
You are frozen.
You hit the endoplasm.
You kill the endoplasm!
You open the door.
There is an open door here.
You open the door.
There is an open door here.
A kobold comes into view. It is wielding a +0 whip.
The kobold shouts!
You hit the kobold.
You kill the kobold!
You see here a +0 whip.
Found a stone staircase leading down.
A quokka comes into view.
A quokka comes into view.
The quokka bites you but does no damage.
You barely miss the quokka. The quokka bites you. The quokka barely misses you.
You barely miss the quokka. The quokka barely misses you.
The quokka bites you but does no damage.
You completely miss the quokka.
The quokka bites you but does no damage. x2
You barely miss the quokka. The quokka closely misses you.
The quokka bites you but does no damage.
Are you sure you want to abandon this character and quit the game? (Confirm with "yes".)

#.#### #### .#
#.# #.# +.# #.#
### #.# # #.# # #
###.####.#.# #
##.#........##
#.....##......
##.#..@r....#
####.##r##....#
#.......# ...#
#.#####>..# ..#
#.# #.#.# .# #.#
#..... # #.# #.#
## #### #)#####..
...######.......#


You could see 2 quokkas.

Vanquished Creatures
  An endoplasm (D:1)
  A goblin (D:1)
  A kobold (D:1)
  A rat (D:1)
4 creatures vanquished.

Notes
Turn   | Place    | Note
-------+----------+-------------------------------------------
     0 | D:1      | Azuregosa the Human Wanderer began the quest for the Orb.
     0 | D:1      | Azuregosa set off with the following items: a +2 dagger, a
                  | potion of heal wounds, a +0 sling, a +0 scale mail, a
                  | potion of lignification.
     0 | D:1      | Reached XP level 1. HP: 15/15 MP: 1/1
   230 | D:1      | Quit the game

Illustrated notes

Levels and vault maps discovered:
D:1:      doesnt_arrival_eight_statues, layout_loops_ring, roderic_lattice_a

Action                     || total
---------------------------++-------
  Melee: Dagger            ||    11
 Armour: Scale mail        ||     8
  Dodge: Dodged            ||     5

Table legend: (Time is in decaauts)
 A = Elapsed time spent in this place.
 B = Non-inter-level travel time spent in this place.
 C = Inter-level travel time spent in this place.
 D = Time resting spent in this place.
 E = Time spent auto-exploring this place.
 F = Levels seen in this place.
 G = Mean time per level.
                   A        B        C        D        E       F      G
               +--------+--------+--------+--------+--------+-----+--------+
         Total |    230 |    230 |      0 |      0 |    198 |   1 |  230.0 |
       Dungeon |    230 |    230 |      0 |      0 |    198 |   1 |  230.0 |
               +--------+--------+--------+--------+--------+-----+--------+

Top non-repeatable levels by time:
     D:1: 230 daAuts
